 Dungeon Crawl Stone Soup version 0.27-a0-1500-g450c7e4133 (webtiles) character file.

Game seed: 15556388095702792102

74 Spaninq the Cudgeller (level 4, -2/44 HPs)
             Began as a Troll Chaos Knight on July 8, 2021.
             Was a Plaything of Xom.
             Slain by a centaur (6 damage)
             ... on level 3 of the Dungeon.
             The game lasted 00:05:05 (1664 turns).

Spaninq the Cudgeller (Troll Chaos Knight)          Turns: 1664, Time: 00:05:05

Health: -2/44      AC:  6    Str: 20    XL:     4   Next: 9%
Magic:  3/3        EV: 10    Int:  8    God:    Xom [....*.]
Gold:   80         SH:  0    Dex: 10    Spells: 3/3 levels left

rFire    . . .     SeeInvis .   a - +0 mace (chaos)
rCold    + . .     Faith    .   (no shield)
rNeg     . . .     Spirit   .   b - +2 robe
rPois    .         Reflect  .   (helmet restricted)
rElec    .         Harm     .   (no cloak)
rCorr    .         Rampage  .   (gloves unavailable)
Will     .....                  (boots unavailable)
Stlth    +.........             (no amulet)
HPRegen  1.14/turn              e - ring of protection from cold
MPRegen  0.08/turn              (no ring)

@: no status effects
A: large, unfitting armour, claws 3, regeneration 1, shaggy fur 1, tough skin 1
a: Renounce Religion


You were on level 3 of the Dungeon.
You worshipped Xom.
You were a beloved toy of Xom.
You visited 1 branch of the dungeon, and saw 3 of its levels.

You collected 80 gold pieces.

Inventory:

Hand Weapons
 a - a +0 mace of chaos (weapon)
Armour
 b - a +2 robe (worn)
Jewellery
 e - a ring of protection from cold (left claw)
Scrolls
 h - a scroll of enchant armour {unknown}
 i - a scroll of identify {unknown}
 j - a scroll of blinking {unknown}
Potions
 c - a potion of haste {unknown}
 d - 2 potions of degeneration {unknown}
 f - 2 potions of heal wounds {unknown}
 g - 2 potions of invisibility {unknown}


   Skills:
 + Level 2.9 Fighting
 * Level 3.7 Maces & Flails
 + Level 2.5 Dodging


You had 3 spell levels left.
You didn't know any spells.
Your spell library contained the following spells:

 Spells                   Type           Power      Damage    Failure   Level
 Call Canine Familiar     Summ           0%         N/A       78%         3
 Portal Projectile        Hex/Tloc       0%         N/A       78%         3
 Animate Dead             Necr           0%         N/A       99%         4
 Leda's Liquefaction      Hex/Erth       0%         N/A       99%         4
 Haunt                    Necr/Summ      0%         N/A       100%        7
 Infestation              Necr           0%         N/A       100%        8


Dungeon Overview and Level Annotations

Branches:
Dungeon (3/15)

Altars:

Shops:
D:2 **:*(


Innate Abilities, Weirdness & Mutations

You are too large for most types of armour.
You have claws for hands.
Your natural rate of healing is unusually fast.
You are covered in fur. (AC +1)
You have tough skin. (AC +1)


Message History

The centaur unwields a +0 shortbow.
The centaur hits you.
The centaur kicks you but does no damage.
The centaur barely misses you. x2
You hit the centaur but do no damage.
The centaur seems to grow stronger.
The bat barely misses you. x2; The centaur hits you.
The centaur kicks you.
You barely miss the centaur. The centaur barely misses you.
The centaur kicks you but does no damage.
The bat hits you but does no damage. The centaur hits you.
The centaur kicks you but does no damage.
The bat closely misses you.
You hit the centaur but do no damage.
The centaur flickers and vanishes!
Deactivating autopickup; reactivate with Ctrl-A.
The bat barely misses you. Something hits you.
Something kicks you but does no damage. The bat completely misses you.
Something hits you but does no damage. Something kicks you but does no damage.
You barely miss something. The bat barely misses you. x2
Something hits you but does no damage. Something kicks you but does no damage.
Something hits you but does no damage. Something kicks you.
You sock something! The bat hits you but does no damage. Something hits you.
Something kicks you but does no damage. Something hits you but does no damage.
Something kicks you but does no damage.
You barely miss something. The bat hits you but does no damage.
Something hits you! Something kicks you.
* * * LOW HITPOINT WARNING * * *
Something hits you but does no damage. Something kicks you but does no damage.
You miss something. The bat barely misses you. Something hits you.
* * * LOW HITPOINT WARNING * * *
Something kicks you.
* * * LOW HITPOINT WARNING * * *
You hit something. The bat hits you but does no damage.
Something hits you but does no damage. Something kicks you.
* * * LOW HITPOINT WARNING * * *
Something hits you.
* * * LOW HITPOINT WARNING * * *
Something kicks you but does no damage.
You miss something. The bat closely misses you.
Something completely misses you. Something kicks you.
* * * LOW HITPOINT WARNING * * *
Something hits you.
You die...

#### #.. # #{# #. #@#
#.##.#####.#
####...b..b...#
.............##
#.############.####.#
.........#####.# #
########.#.....#
##.#.#####
#....#######


You could see a bat.

Vanquished Creatures
  2 adders
  A worm (D:2)
  A dart slug (D:2)
  An orc (D:3)
  7 endoplasms
  A giant cockroach (D:2)
  2 goblins (D:2)
  4 hobgoblins
  3 jackals (D:2)
  5 kobolds
  5 quokkas
  2 ball pythons (D:2)
  4 bats (D:1)
  3 frilled lizards
  3 rats (D:2)
44 creatures vanquished.

Notes
Turn   | Place    | Note
-------+----------+-------------------------------------------
     0 | D:1      | Spaninq the Troll Chaos Knight began the quest for the Orb.
     0 | D:1      | Reached XP level 1. HP: 22/22 MP: 0/0
    87 | D:1      | XOM: silly message
   151 | D:1      | Reached XP level 2. HP: 29/29 MP: 1/1
   179 | D:1      | Found a faded altar of an unknown god.
   250 | D:1      | Reached skill level 3 in Maces & Flails
   567 | D:1      | XOM: god gift: 18 poisoned darts
   915 | D:2      | Found Giqus's Weapon Shop.
   982 | D:2      | Reached XP level 3. HP: 36/36 MP: 2/2
   987 | D:2      | Found Kudahyne's General Store.
  1038 | D:2      | Found Iqavomun's General Store.
  1057 | D:2      | Found Votz's Book Shop.
  1216 | D:2      | Found Quikix's Assorted Antiques.
  1586 | D:3      | Reached XP level 4. HP: 44/44 MP: 3/3
  1650 | D:3      | Noticed a centaur
  1664 | D:3      | Slain by a centaur

Illustrated notes

Levels and vault maps discovered:
D:1:      minmay_arrival_loop, layout_basic, dreamdust_ecumenical_altar_statues
D:2:      layout_loops_ring, serial_shops, shop, shop, shop,
          nicolae_shop_crystal, shop_statue
D:3:      layout_loops_ring, mainiacjoe_overflow_catwalk,
          grunt_temple_overflow_cloverleaf, due_unseen_surprise

Skill      XL: |  1  2 |
---------------+-------+-----
Dodging        | 2 |  2.5
Maces & Flails | 3 |  3.7
Fighting       | |  2.9

Action                   |  1- 3 |  4- 6 || total
-------------------------+-------+-------++-------
Melee: Mace              |   146 |    10 ||   156
  Use: Scroll            |     1 |       ||     1
 Stab: Paralysed         |     3 |       ||     3
       Sleeping          |     2 |       ||     2
Armor: Robe              |    90 |    20 ||   110
Dodge: Dodged            |    82 |    17 ||    99

Table legend: (Time is in decaauts)
 A = Elapsed time spent in this place.
 B = Non-inter-level travel time spent in this place.
 C = Inter-level travel time spent in this place.
 D = Time resting spent in this place.
 E = Time spent auto-exploring this place.
 F = Levels seen in this place.
 G = Mean time per level.
                   A        B        C        D        E       F      G
               +--------+--------+--------+--------+--------+-----+--------+
         Total |   1699 |   1596 |    103 |      0 |   1169 |   3 |  566.3 |
       Dungeon |   1699 |   1596 |    103 |      0 |   1169 |   3 |  566.3 |
               +--------+--------+--------+--------+--------+-----+--------+

Top non-repeatable levels by time:
     D:1: 881 daAuts
     D:2: 652 daAuts
     D:3: 166 daAuts
